 Dungeon Crawl Stone Soup version 0.32-a0-791-gfc315c9ecd (webtiles) character file.

Game seed: 12478042648296181550

161 funkygono the Firebug (level 5, -2/28 HPs)
             Began as a Gargoyle Fire Elementalist on Mar 20, 2024.
             Was an Initiate of Vehumet.
             Slain by an ice beast (14 damage)
             ... on level 5 of the Dungeon.
             The game lasted 00:07:03 (4325 turns).

funkygono the Firebug (Gargoyle Fire Elementalist)  Turns: 4325, Time: 00:07:03

Health: -2/28      AC:  9    Str: 11    XL:     5   Next: 42%
Magic:  0/9        EV: 11    Int: 18    God:    Vehumet [......]
Gold:   221        SH:  0    Dex: 10    Spells: 3/9 levels left

rFire   . . .        f - +0 demon whip
rCold   . . .        (no shield)
rNeg    + . .        p - +1 robe {Will+}
rPois   ∞            l - +0 helmet
rElec   +            q - +0 cloak
rCorr   .            (no gloves)
SInv    +            (no boots)
Will    +....        (no amulet)
Stlth   ++           a - ring of see invisible
HPRegen 0.24/turn    (no ring)
MPRegen 0.11/turn

%: no passive effects
@: no status effects
A: sickness immunity, AC +4, negative energy resistance 1, electricity
resistance, torment resistance 1, petrification resistance
a: Renounce Religion


You were on level 5 of the Dungeon.
You worshipped Vehumet.
Vehumet was noncommittal.
You visited 2 branches of the dungeon, and saw 6 of its levels.

You collected 221 gold pieces.

Inventory:

Hand Weapons
 f - a +0 demon whip (weapon)
 o - a +0 spectral whip
Armour
 l - a +0 helmet (worn)
 p - a +1 robe of willpower (worn)
 q - a +0 cloak (worn)
Jewellery
 a - a ring of see invisible (left hand)
Wands
 j - a wand of polymorph (7)
Scrolls
 i - 3 scrolls of vulnerability
 m - 2 scrolls of butterflies
Potions
 b - a potion of magic
 c - 3 potions of mutation
 e - a potion of attraction {unknown}
 g - 2 potions of might
 h - 2 potions of degeneration {unknown}
 n - 2 potions of curing {unknown}


   Skills:
 + Level 0.5 Maces & Flails
 + Level 2.1 Dodging
 + Level 3.2 Stealth
 + Level 2.9 Spellcasting
 + Level 2.0 Conjurations
 + Level 4.2 Fire Magic


You had 3 spell levels left.
You knew the following spells:

 Your Spells              Type           Power      Damage    Failure   Level
a - Foxfire               Conj/Fire      52%        2x1d6     4%          1
b - Scorch                Fire           34%        2d6       4%          2
c - Volatile Blastmotes   Fire/Tloc      20%        2d11      21%         3

Your spell library contained the following spells:

 Spells                   Type           Power      Damage    Failure   Level
 Inner Flame              Hex/Fire       10%        N/A       21%         3
 Call Canine Familiar     Summ           2%         N/A       45%         3
 Sigil of Binding         Hex            2%         N/A       45%         3
 Flame Wave               Conj/Fire      13%        2d6       41%         4
 Dimensional Bullseye     Hex/Tloc       1%         N/A       86%         4


Dungeon Overview and Level Annotations

Branches:
Dungeon (5/15)             Temple (1/1) D:4

Altars:
Ashenzari
Cheibriados
Dithmenos
Elyvilon
Gozag
Kikubaaqudgha
Okawaru
Qazlal
Ru
Sif Muna
Trog
Uskayaw
Vehumet
Wu Jian
Xom
Yredelemnul
Zin
The Shining One

Shops:
D:4 (


Innate Abilities, Weirdness & Mutations

You are immune to sickness and miasma.
Your stone body is resilient. (AC +4)
You are immune to poison.
You resist negative energy. (rN+)
You are resistant to electric shocks. (rElec)
You are resistant to unholy torment.
You are immune to petrification.


Message History

You conjure some foxfire!
Casting: Foxfire (safe; 4% risk of failure)
Confirm with . or Enter, or press ? or * to list all spells.
You conjure some foxfire!
The foxfire hits the steam dragon.
The steam dragon is moderately wounded.
The foxfire hits the steam dragon but does no damage.
The steam dragon is moderately wounded.
Unknown command.
Casting: Foxfire (safe; 4% risk of failure)
Confirm with . or Enter, or press ? or * to list all spells.
Flames lash the ice beast.
The ice beast melts!
The ice beast is moderately wounded.
The ice beast's fire resistance burns away.
The foxfire hits the steam dragon.
The steam dragon is moderately wounded.
The foxfire hits the steam dragon but does no damage.
The steam dragon is moderately wounded.
The steam dragon breathes steam at you. The ball of steam misses you.
You hear a bark!
Found a stone staircase leading down.
Casting: Scorch (safe; 4% risk of failure)
Confirm with . or Enter, or press ? or * to list all spells.
You conjure some foxfire!
You are engulfed in a cloud of scalding steam.
Casting: Foxfire (safe; 4% risk of failure)
Confirm with . or Enter, or press ? or * to list all spells.
You don't have enough magic to cast this spell.
Unknown command.
The ice beast is no longer more vulnerable to fire.
The foxfire hits the ice beast but does no damage.
The ice beast is moderately wounded.
The foxfire hits the ice beast.
The ice beast melts!
The ice beast is heavily wounded.
The ice beast attacks as it pursues you!
The ice beast hits you but does no damage.
The ice beast attacks as it pursues you!
The ice beast hits you. The ice beast freezes you!
Ouch! That really hurt!
You die...

##.....###.#
##.#
##..........#
.
#.........###
#......o..#
#.........#
#....o....##
#...........>.
#..YD.....####
#.@.......#
#..>......#
#.........#
#.........#
##<......##
##.....##
#######


You could see a steam dragon, an ice beast and 2 orcs.

Vanquished Creatures
  Crazy Yiuf (D:3)
  Terence (D:2)
  Robin (D:2)
  2 adders
  A ribbon worm (D:4)
  A dart slug (D:2)
  8 ball pythons
  6 endoplasms
  2 giant cockroaches
  12 goblins
  7 hobgoblins
  3 jackals (D:3)
  4 quokkas
  6 bats
  2 frilled lizards
  4 kobolds
  10 rats
71 creatures vanquished.

Vanquished Creatures (others)
  160 foxfires
160 creatures vanquished.

Grand Total: 231 creatures vanquished

Notes
Turn   | Place    | Note
-------+----------+-------------------------------------------
     0 | D:1      | funkygono the Gargoyle Fire Elementalist began the quest
                  | for the Orb.
     0 | D:1      | Reached XP level 1. HP: 10/10 MP: 3/3
   333 | D:1      | Reached XP level 2. HP: 15/15 MP: 3/5
   336 | D:1      | Learned a level 2 spell: Scorch
   819 | D:1      | Reached XP level 3. HP: 19/19 MP: 4/6
   823 | D:1      | Learned a level 3 spell: Volatile Blastmotes
  1412 | D:2      | Found a faded altar of an unknown god.
  1423 | D:2      | Noticed Terence
  1434 | D:2      | Killed Terence
  1435 | D:2      | Reached XP level 4. HP: 18/24 MP: 1/8
  1844 | D:2      | Noticed Robin
  1941 | D:2      | Killed Robin
  3090 | D:3      | Reached skill level 4 in Fire Magic
  3299 | D:3      | Found a runed translucent door.
  3300 | D:3      | Noticed Crazy Yiuf
  3525 | D:3      | Killed Crazy Yiuf
  3526 | D:3      | Reached XP level 5. HP: 28/28 MP: 4/9
  3865 | D:4      | Found a staircase to the Ecumenical Temple.
  3882 | Temple   | Entered the Ecumenical Temple
  3905 | Temple   | Became a worshipper of Vehumet
  4078 | D:4      | Found Futuig's Weapon Boutique.
  4231 | D:5      | Entered Level 5 of the Dungeon
  4305 | D:5      | Noticed a steam dragon
  4306 | D:5      | Noticed an ice beast
  4325 | D:5      | Slain by an ice beast

Illustrated notes

Levels and vault maps discovered:
D:1:      zelgadis_glass_arrival_small, layout_basic, minmay_distorted
D:2:      layout_basic, chequers_ecumenical_altar_island, uniq_terence,
          uniq_robin
D:3:      layout_loops_ring, uniq_crazy_yiuf_cottage
D:4:      layout_basic, minmay_temple_entry_glass, serial_shops,
          nicolae_shop_stone, hangedman_abyss_or_decor_lesser_grid,
          abandoned_shop
D:5:      layout_rooms, enter_ossuary_1, serial_park_tiny_pond,
          nicolae_specific_store
Temple:   regret_index_temple_mists

Skill      XL: |  1  2  3  4 |
---------------+-------------+-----
Dodging        | 2 |  2.1
Conjurations   | 2 |  2.0
Fire Magic     | 4 |  4.2
Stealth        | 3 |  3.2
Maces & Flails | |  0.5
Spellcasting   | |  2.9

Action                     |  1- 3 |  4- 6 || total
---------------------------+-------+-------++-------
  Melee: Mace              |    29 |     7 ||    36
         Unarmed           |     2 |     4 ||     6
         Whip              |       |    10 ||    10
         Demon whip        |       |    13 ||    13
   Cast: Foxfire           |    50 |    46 ||    96
         Scorch            |     1 |    14 ||    15
    Use: Scroll            |       |     9 ||     9
   Stab: Sleeping          |       |     2 ||     2
 Armour: Robe              |    20 |     6 ||    26
         Skin              |       |    19 ||    19
         Animal skin       |       |    15 ||    15
  Dodge: Dodged            |    37 |    25 ||    62

Table legend: (Time is in decaauts)
 A = Elapsed time spent in this place.
 B = Non-inter-level travel time spent in this place.
 C = Inter-level travel time spent in this place.
 D = Time resting spent in this place.
 E = Time spent auto-exploring this place.
 F = Levels seen in this place.
 G = Mean time per level.
                   A        B        C        D        E       F      G
               +--------+--------+--------+--------+--------+-----+--------+
         Total |   4336 |   4152 |    184 |    148 |   3325 |   6 |  722.7 |
       Dungeon |   4283 |   4121 |    162 |    148 |   3325 |   5 |  856.6 |
        Temple |     52 |     30 |     22 |      0 |      0 |   1 |   52.0 |
               +--------+--------+--------+--------+--------+-----+--------+

Top non-repeatable levels by time:
     D:2: 1383 daAuts
     D:1: 1224 daAuts
     D:3: 1118 daAuts
     D:4: 464 daAuts
     D:5: 93 daAuts
  Temple: 52 daAuts
